 Dungeon Crawl Stone Soup version 0.30-a0-711-gf4ac18a38d (webtiles) character file.

Game seed: 9914508391224475812

119 voltaire321 the Stinger (level 5, 0/38 HPs)
             Began as a Merfolk Venom Mage on Jan 22, 2023.
             Succumbed to a water moccasin's poison
             ... on level 4 of the Dungeon.
             The game lasted 00:09:28 (3528 turns).

voltaire321 the Stinger (Merfolk Venom Mage)        Turns: 3528, Time: 00:09:28

Health: 0/38       AC:  3    Str:  9    XL:     5   Next: 3%
Magic:  1/8        EV: 13    Int: 16    God:
Gold:   149        SH:  0    Dex: 14    Spells: 2/9 levels left

rFire   . . .      SeeInvis .    d - +0 dagger
rCold   . . .      Faith    .    (no shield)
rNeg    . . .      Spirit   .    a - +1 robe
rPois   .          Reflect  .    (no helmet)
rElec   .          Harm     .    (no cloak)
rCorr   .          Rampage  .    (no gloves)
Will    .....                    (no boots)
Stlth   ++                       (no amulet)
HPRegen 0.26/turn                (no ring)
MPRegen 0.11/turn                (no ring)

@: lethally poisoned (0 -> -10), hasted, very quick
A: (nimble swimmer 2), mertail
a: no special abilities


You were on level 4 of the Dungeon.
You visited 1 branch of the dungeon, and saw 4 of its levels.
You also visited: Sewer.

You collected 149 gold pieces.

Inventory:

Hand Weapons
 d - a +0 dagger (weapon)
 h - a +0 spear
Armour
 a - a +1 robe (worn)
Jewellery
 m - an amulet of faith
Scrolls
 c - 2 scrolls of identify
 f - 3 scrolls of fog
Potions
 b - a potion of magic
 e - 2 potions of curing
 g - a potion of berserk rage {unknown}
 i - a potion of brilliance {unknown}
 j - a potion of might {unknown}
 n - a potion of ambrosia {unknown}
 s - a potion of flight {unknown}


   Skills:
 + Level 1.8 Fighting
 + Level 1.0 Armour
 + Level 3.5 Dodging
 - Level 2.1 Stealth
 + Level 2.5 Spellcasting
 + Level 2.7 Transmutations
 + Level 3.9 Poison Magic


You had 2 spell levels left.
You knew the following spells:

 Your Spells              Type           Power      Damage    Failure   Level
a - Sting                 Tmut/Pois      48%        1d5       4%          1
b - Poisonous Vapours     Pois/Air       16%        N/A       13%         2
c - Olgreb's Toxic Radia  Pois           14%        N/A       36%         4

Your spell library contained the following spells:

 Spells                   Type           Power      Damage    Failure   Level
 Passwall                 Tmut/Erth      5%         N/A       17%         2
 Sandblast                Erth           4%         2d4       21%         1
 Mephitic Cloud           Conj/Pois/Air  6%         N/A       34%         3
 Inner Flame              Hex/Fire       2%         N/A       52%         3
 Stone Arrow              Conj/Erth      4%         3d7       52%         3
 Cause Fear               Hex            1%         N/A       89%         4
 Discord                  Hex            1%         N/A       100%        8


Dungeon Overview and Level Annotations

Branches:
Dungeon (4/15)              Sewer (visited)
 Temple: D:4-7

Altars:
Gozag

Annotations:
D:3 2 runed translucent doors, yumyumyeen's ghost, amateur GnWn


Innate Abilities, Weirdness & Mutations

((You are very nimble when in or above water. (Stealth+, EV+, Speed+++)))
Your lower body shifts to a powerful aquatic tail in water.


Message History

Aim: a water moccasin (heavily wounded, 53% to hit)
The sting misses the water moccasin.
You feel very sick. The water moccasin bites you.
You are lethally poisoned!
The water moccasin poisons you!
Aiming: Sting (safe; 4% risk of failure)
Press: ? - help, Q - select action, (/) - cycle Shift-Dir - straight line, f/p - water moccasin
Aim: a water moccasin (heavily wounded, 53% to hit)
The sting hits the water moccasin.
The water moccasin partially resists.
The water moccasin is poisoned.
The water moccasin is heavily wounded.
* * * LOW HITPOINT WARNING * * *
You feel very sick.
The water moccasin bites you but does no damage.
The water moccasin bites you!
* * * LOW HITPOINT WARNING * * *
You feel better.
The water moccasin bites you but does no damage.
You feel yourself speed up. The water moccasin bites you.
* * * LOW HITPOINT WARNING * * *
The water moccasin looks more healthy.
There is a gate leading back out of this place here.
The water moccasin bites you but does no damage.
Welcome back to the Dungeon!
There is a collapsed entrance here.
Aiming: Sting (safe; 4% risk of failure)
Press: ? - help, Q - select action, (/) - cycle Shift-Dir - straight line, f - water moccasin
Aim: a water moccasin (severely wounded, 53% to hit)
The sting hits the water moccasin.
The water moccasin is poisoned.
The water moccasin is severely wounded.
You barely miss the water moccasin.
The water moccasin is severely wounded.
The water moccasin bites you.
* * * LOW HITPOINT WARNING * * *
You are lethally poisoned!
The water moccasin poisons you!
You closely miss the water moccasin.
The water moccasin is severely wounded.
You die...

# ..# #. #.# #.# #.. #.#
##'## #..##.# ##...##
#.....# #.....## #. #..##
......##.. #.##.##...#
......#..
........##########........
#####...#~@S~~~~~~........
#...##########.....#..
#.....# #.....#.# #.....#
##.).## #
###.##########'##
#.##.......†.#
#.##.######..#
#####.##.######..###
#.....>...#........#


You could see a water moccasin (poisoned).

Vanquished Creatures
  2 adders
  2 worms (D:2)
  3 dart slugs
  3 orcs
  11 endoplasms
  11 goblins
  5 hobgoblins
  9 jackals
  3 kobolds
  A quokka (D:1)
  9 ball pythons
  12 bats
  3 frilled lizards
  3 rats (D:1)
77 creatures vanquished.

Notes
Turn   | Place    | Note
-------+----------+-------------------------------------------
     0 | D:1      | voltaire321 the Merfolk Venom Mage began the quest for the
                  | Orb.
     0 | D:1      | Reached XP level 1. HP: 13/13 MP: 3/3
   173 | D:1      | Reached XP level 2. HP: 15/20 MP: 3/5
   186 | D:1      | Learned a level 2 spell: Poisonous Vapours
   821 | D:1      | Reached XP level 3. HP: 21/25 MP: 4/6
   930 | D:1      | Reached skill level 1 in Fighting
  1101 | D:2      | Found a faded altar of an unknown god.
  1381 | D:2      | Reached XP level 4. HP: 28/32 MP: 3/7
  1576 | D:2      | Found an opulent altar of Gozag.
  1619 | D:2      | Learned a level 4 spell: Olgreb's Toxic Radiance
  3091 | D:3      | Found a large runed translucent door.
  3092 | D:3      | Found a large runed translucent door.
  3095 | D:3      | Noticed yumyumyeen's ghost (amateur GnWn)
  3305 | D:4      | Reached skill level 1 in Armour
  3365 | D:4      | Found a glowing drain.
  3374 | Sewer    | Entered a sewer
  3418 | Sewer    | Reached XP level 5. HP: 27/38 MP: 1/8
  3500 | Sewer    | Noticed a water moccasin
  3528 | D:4      | Succumbed to a water moccasin's poison

Illustrated notes

Levels and vault maps discovered:
D:1:      lightli_arrival_farm, layout_basic
D:2:      layout_basic, basic_altar, nicolae_ecumenical_pavilion
D:3:      layout_basic, ebering_ghost_disaster_area
D:4:      layout_loops_corners, elyvilon_altar_5, portal_sewer_entry_d

Skill      XL: |  1  2  3  4 |
---------------+-------------+-----
Dodging        | 3 |  3.5
Fighting       | 1 |  1.8
Transmutations | 2 |  2.7
Armour         | 1 |  1.0
Stealth        | |  2.1
Spellcasting   | |  2.5
Poison Magic   | |  3.9

Action                     |  1- 3 |  4- 6 || total
---------------------------+-------+-------++-------
  Melee: Unarmed           |    21 |       ||    21
         Dagger            |    50 |    64 ||   114
         Punch             |     1 |     1 ||     2
   Cast: Sting             |    47 |    66 ||   113
    Use: Scroll            |       |     8 ||     8
         Potion            |       |     3 ||     3
   Stab: Sleeping          |       |     3 ||     3
 Armour: Robe              |     9 |    44 ||    53
  Dodge: Dodged            |    37 |   119 ||   156

Table legend: (Time is in decaauts)
 A = Elapsed time spent in this place.
 B = Non-inter-level travel time spent in this place.
 C = Inter-level travel time spent in this place.
 D = Time resting spent in this place.
 E = Time spent auto-exploring this place.
 F = Levels seen in this place.
 G = Mean time per level.
                   A        B        C        D        E       F      G
               +--------+--------+--------+--------+--------+-----+--------+
         Total |   3496 |   3295 |    201 |    254 |   2228 |   5 |  699.2 |
       Dungeon |   3350 |   3149 |    201 |    188 |   2220 |   4 |  837.5 |
         Sewer |    146 |    146 |      0 |     66 |      8 |   1 |  146.0 |
               +--------+--------+--------+--------+--------+-----+--------+

Top non-repeatable levels by time:
     D:2: 1219 daAuts
     D:1: 978 daAuts
     D:3: 905 daAuts
     D:4: 246 daAuts
   Sewer: 146 daAuts
